 Dungeon Crawl Stone Soup version 0.15.0-14-g6bbbb5c (webtiles) character file.

141 MDvedh the Stinger (level 5, -2/28 HPs)
             Began as a Gargoyle Venom Mage on Sept 4, 2014.
             Killed from afar by an orc wizard (6 damage)
             ... with a puff of flame
             ... on Level 3 of the Dungeon.
             The game lasted 00:06:15 (2915 turns).

MDvedh the Stinger (Gargoyle Venom Mage)            Turns: 2915, Time: 00:06:15

HP  -2/28        AC  6     Str 13      XL: 5   Next: 24%
MP   5/9         EV 12     Int 15      God:
Gold 64          SH  0     Dex 10      Spells:  2 memorised,  4 levels left

rFire  . . .     SeeInvis .     (no weapon)
rCold  . . .     Clarity  .     a - +0 robe
rNeg   + . .     rCorr    .     (no shield)
rPois  +         rRot     +     (no helmet)
rElec  +         Spirit   .     (no cloak)
SustAb .         Warding  .     (no gloves)
rMut   .         Stasis   .     (no boots)
Gourm  .                        (no amulet)
MR     .....                    (no ring)
                                (no ring)

@: not resistant to hostile enchantments, unstealthy
A: negative energy resistance 1, electricity resistance, unbreathing,
petrification resistance, rot immunity, AC +4
a: no special abilities


You were on level 3 of the Dungeon.
You were not hungry.

You visited 1 branch of the dungeon, and saw 3 of its levels.

You collected 64 gold pieces.

Inventory:

Hand weapons
 i - a +0 club
 u - a +0 club
Armour
 a - a +0 robe (worn)
Comestibles
 c - 2 bread rations
 s - a beef jerky
 v - 2 chunks of orc flesh
Scrolls
 d - 2 scrolls of blinking {unknown}
 e - a scroll of identify {unknown}
 g - 2 scrolls of amnesia {unknown}
 h - a scroll of enchant armour {unknown}
 k - 3 scrolls of recharging {unknown}
 l - a scroll of fog {unknown}
 m - a scroll of teleportation {unknown}
 n - a scroll of noise {unknown}
 q - a scroll of remove curse {unknown}
Jewellery
 r - an uncursed ring of stealth {unknown}
Potions
 f - a potion of confusion {unknown}
 j - a potion of haste {unknown}
 o - a potion of curing {unknown}
 p - a potion of cancellation {unknown}
 t - a potion of might {unknown}
Books
 b - a Young Poisoner's Handbook

   Spells                             Type                      Level
   *Sting                             Conjuration/Poison           1
   Cure Poison                        Poison                       2
   Mephitic Cloud                     Conjuration/Poison/Air       3
   *Olgreb's Toxic Radiance           Poison                       4
   Venom Bolt                         Conjuration/Poison           5


   Skills:
 - Level 1.5 Dodging
 - Level 2.1 Stealth
 + Level 2.5 Spellcasting
 - Level 6.1 Poison Magic


You had 4 spell levels left.
You knew the following spells:

 Your Spells              Type           Power        Failure   Level  Hunger
a - Sting                 Conj/Pois      ##..         8%          1    #......
b - Olgreb's Toxic Radia  Pois           ###.....     21%         4    #####..


Dungeon Overview and Level Annotations

Branches:
Dungeon (3/15)

Altars:


Innate Abilities, Weirdness & Mutations

You are resistant to torment.
You are immune to poison.
Your stone body is very resilient (AC +4).
You resist negative energy.
You are resistant to electric shocks.
You can survive without breathing.
You are immune to petrification.
You are immune to rotting.


Message History

Press: ? - help, Shift-Dir - straight line, f/p - orc wizard
Aim: an orc wizard, wielding a dagger and wearing a robe (moderately wounded, poisoned)
The sting hits the orc wizard.
The orc wizard is moderately wounded.
The orc wizard drinks a potion.
The orc wizard flickers and vanishes!
Deactivating autopickup; reactivate with Ctrl-A.
Unknown command.
No target in view!
Unknown command.
The puff of frost hits you!
* * * LOW HITPOINT WARNING * * *
Unknown command.
Drink which item? (? for menu, Esc to quit)
Okay, then.
Read which item? (? for menu, Esc to quit)
Okay, then.
You start resting.
You hear some strange, mumbled words.
The puff of flame hits you!
You die...

#.###.# #.# ##.....#
#.##########
.......###...........
..........##.....####
..........##.....#
..........##.....#
..........###....#
.....#....# #....#
####.#....###...@#
.......>..##....#
...............#######.#
.......................#
......[........#########
....#.#....####
.....#....# .#.......#
#.......#


There were no monsters in sight!

Vanquished Creatures
  An orc wizard (D:3)
  6 adders (D:2)
  A giant mite (D:1)
  2 worms (D:2)
  2 giant geckos (D:2)
  An ooze (D:1)
  3 orcs (D:3)
  2 ball pythons
  A giant cockroach (D:2)
  2 goblins (D:1)
  6 hobgoblins
  2 jackals (D:2)
  6 bats
  4 giant newts
  A kobold (D:2)
  4 rats
44 creatures vanquished.

Notes
Turn   | Place    | Note
--------------------------------------------------------------
     0 | D:1      | MDvedh, the Gargoyle Venom Mage, began the quest for the Orb.
     0 | D:1      | Reached XP level 1. HP: 10/10 MP: 3/3
   377 | D:1      | Reached XP level 2. HP: 3/15 MP: 1/4
  1285 | D:1      | Reached XP level 3. HP: 19/19 MP: 4/6
  1341 | D:2      | Reached skill level 5 in Poison Magic
  1711 | D:2      | Reached XP level 4. HP: 24/24 MP: 2/7
  1764 | D:2      | Learned a level 4 spell: Olgreb's Toxic Radiance
  2164 | D:2      | Reached skill level 6 in Poison Magic
  2763 | D:3      | Reached XP level 5. HP: 16/28 MP: 2/9
  2915 | D:3      | Killed from afar by an orc wizard

Action                   |  1- 3 |  4- 6 || total
-------------------------+-------+-------++-------
Melee: Unarmed           |    57 |    37 ||    94
 Cast: Sting             |    49 |    47 ||    96
       Olgreb's Toxic Ra |       |     1 ||     1
  Eat: Bread ration      |     1 |       ||     1
       Chunk             |       |     4 ||     4
